 Dungeon Crawl Stone Soup version 0.27.1 (webtiles) character file.

Game seed: 5356288743540209275

2104 Kinoniko the Basher (level 9, -10/63 HPs)
             Began as a Demonspawn Berserker on Sept 2, 2021.
             Was an Elder of Trog.
             Killed from afar by an electric eel (12 damage)
             ... with a bolt of electricity
             ... on level 7 of the Dungeon.
             The game lasted 00:06:39 (8031 turns).

Kinoniko the Basher (Demonspawn Berserker)          Turns: 8031, Time: 00:06:40

Health: -10/63     AC:  9    Str: 21    XL:     9   Next: 7%
Magic:  9/9        EV: 11    Int:  9    God:    Trog [****..]
Gold:   348        SH:  5    Dex: 12    Spells: 8/8 levels left

rFire    + . .     SeeInvis .   t - +0 morningstar (venom)
rCold    . . .     Faith    .   r - +0 buckler
rNeg     . . .     Spirit   .   u - +2 leather armour {rPois}
rPois    +         Reflect  .   m - +1 helmet
rElec    .         Harm     .   (no cloak)
rCorr    +         Rampage  .   (no gloves)
Will     .....                  (no boots)
Stlth    +.........             (no amulet)
HPRegen  0.20/turn              i - ring of protection from fire
MPRegen  0.11/turn              s - ring of resist corrosion

@: very slow
A: hooves 2, molten scales 1, ignite blood 2
a: Renounce Religion, Berserk, Trog's Hand, Brothers in Arms


You were on level 7 of the Dungeon.
You worshipped Trog.
Trog was greatly pleased with you.
You visited 1 branch of the dungeon, and saw 7 of its levels.
You also visited: Sewer.

You collected 348 gold pieces.

Inventory:

Hand Weapons
 a - a +0 mace
 t - a +0 morningstar of venom (weapon)
Armour
 b - a +0 animal skin
 g - a +0 ring mail
 m - a +1 helmet (worn)
 r - a +0 buckler (worn)
 u - a +2 leather armour of poison resistance (worn)
Jewellery
 i - a ring of protection from fire (left hand)
 p - a +6 ring of intelligence
 s - a ring of resist corrosion (right hand)
 v - a ring of protection from fire
 y - a ring of positive energy
Wands
 c - a wand of acid (5)
 o - a wand of iceblast (9)
Scrolls
 j - a scroll of blinking
 k - a scroll of vulnerability
 n - 5 scrolls of teleportation
 A - 2 scrolls of fog
 C - a scroll of enchant weapon
 D - 2 scrolls of amnesia
 E - a scroll of magic mapping
 F - a scroll of brand weapon
 G - a scroll of immolation {unknown}
 I - a scroll of enchant armour
Potions
 d - a potion of experience {unknown}
 e - 5 potions of curing
 f - a potion of berserk rage {unknown}
 h - 2 potions of magic {unknown}
 l - a potion of mutation {unknown}
 q - 2 potions of might {unknown}
 w - a potion of resistance
 x - 2 potions of lignification
 z - 2 potions of haste {unknown}
 B - 3 potions of heal wounds {unknown}
 H - a potion of attraction {unknown}


   Skills:
 - Level 3.0 Fighting
 * Level 9.7 Maces & Flails
 - Level 1.7 Armour
 - Level 1.7 Dodging
 + Level 5.6 Shields


You had 8 spell levels left.
You didn't know any spells.
Your spell library was empty.

Dungeon Overview and Level Annotations

Branches:
Dungeon (7/15)             Temple (0/1) D:4           Sewer (visited)

Altars:
Dithmenos
Hepliaklqana
Qazlal

Annotations:
D:5 2 transporters, NineInchNils's ghost, amateur OpBr


Innate Abilities, Weirdness & Mutations

You have hoof-like feet.
You are partially covered in molten scales. (AC +2)
Your demonic aura often causes spilled blood to erupt in flames.


Message History

Moving in this stuff is going to be slow.
You enter the shallow water.
Moving in this stuff is going to be slow.
You open the door.
There is an open door here.
You open the large door.
There is a large open door here.
You enter the shallow water.
Moving in this stuff is going to be slow.
An electric eel comes into view.
No reachable target in view!
No reachable target in view!
No reachable target in view!
No reachable target in view!
No reachable target in view!
An electric eel is nearby!
An electric eel is nearby!
An electric eel is nearby!
The electric eel shoots out a bolt of lightning at you!
The bolt of electricity hits you!
The electric eel shoots out a bolt of lightning at you!
The bolt of electricity hits you.
The electric eel shoots out a bolt of lightning at you!
The bolt of electricity hits you.
The electric eel shoots out a bolt of lightning at you!
The bolt of electricity hits you!
The electric eel shoots out a bolt of lightning at you!
The bolt of electricity hits you!
The electric eel shoots out a bolt of lightning at you!
The bolt of electricity hits you!
* * * LOW HITPOINT WARNING * * *
The electric eel shoots out a bolt of lightning at you!
The bolt of electricity hits you.
* * * LOW HITPOINT WARNING * * *
The electric eel shoots out a bolt of lightning at you!
The bolt of electricity hits you!
* * * LOW HITPOINT WARNING * * *
The electric eel shoots out a bolt of lightning at you!
The bolt of electricity hits you!
You die...

############ ≈##
###≈≈≈≈≈≈≈≈≈≈# ≈≈#
##≈≈≈≈≈≈≈≈≈≈≈≈≈
#.####.#≈@≈≈≈≈≈≈≈≈≈#
#....######≈≈≈≈≈###
#....# ≈≈≈≈;≈≈≈≈
#....# ≈≈≈≈≈≈≈≈≈≈
#....# ≈≈≈≈≈######
##''## ≈≈≈≈≈≈. #..#
≈≈≈≈≈≈≈≈.
#####'####≈≈≈≈≈≈≈
##≈≈.....##


You could see an electric eel.

Vanquished Creatures
  A centaur zombie (D:6)
  Grinder (D:4)
  Eustachio (D:4)
  2 necrophages (D:4)
  An ice beast (D:6)
  A black bear (D:4)
  2 ogres
  A centaur (D:4)
  A bullfrog (D:6)
  2 scorpions
  5 hounds
  A jelly (D:5)
  An orc priest (D:3)
  Ijyb (D:4)
  3 iguanas
  2 orc wizards (D:3)
  A hound skeleton (D:4)
  2 howler monkey zombies (D:6)
  4 gnolls (D:4)
  5 adders
  A shadow imp (D:5)
  A white imp (D:7)
  2 ufetubi
  3 worms
  5 dart slugs
  11 orcs
  6 ball pythons
  4 bats
  7 endoplasms
  10 giant cockroaches
  5 goblins
  7 hobgoblins
  15 jackals
  16 kobolds
  4 quokkas
  7 frilled lizards
  4 rats
146 creatures vanquished.

Vanquished Creatures (others)
  8 fungi (D:6)
  9 plants (Sewer)
17 creatures vanquished.

Grand Total: 163 creatures vanquished

Notes
Turn   | Place    | Note
-------+----------+-------------------------------------------
     0 | D:1      | Kinoniko the Demonspawn Berserker began the quest for the
                  | Orb.
     0 | D:1      | Reached XP level 1. HP: 18/18 MP: 1/1
   133 | D:1      | Reached skill level 3 in Maces & Flails
   323 | D:1      | Gained mutation: Your demonic aura sometimes causes spilled
                  | blood to erupt in flames. [demonic ancestry]
   323 | D:1      | Reached XP level 2. HP: 24/24 MP: 2/2
   908 | D:1      | Reached ** piety under Trog
  1467 | D:2      | Gained mutation: You have large cloven feet. [demonic
                  | ancestry]
  1467 | D:2      | Reached XP level 3. HP: 29/29 MP: 3/3
  1588 | D:2      | Reached skill level 4 in Maces & Flails
  1763 | D:2      | Found a faded altar of an unknown god.
  2643 | D:3      | Gained mutation: Your demonic aura often causes spilled
                  | blood to erupt in flames. [demonic ancestry]
  2643 | D:3      | Reached XP level 4. HP: 32/35 MP: 4/4
  2734 | D:3      | Reached skill level 5 in Maces & Flails
  3470 | D:3      | Reached XP level 5. HP: 41/41 MP: 5/5
  3474 | D:3      | Reached skill level 1 in Shields
  3860 | D:4      | Noticed a necrophage
  3870 | D:4      | Killed a necrophage
  3871 | D:4      | Reached skill level 6 in Maces & Flails
  3871 | D:4      | Reached XP level 6. HP: 26/47 MP: 6/6
  3874 | D:4      | Noticed Ijyb
  3888 | D:4      | Killed Ijyb
  4165 | D:4      | Noticed Grinder
  4171 | D:4      | Paralysed by Grinder for 2 turns
  4184 | D:4      | Killed Grinder
  4185 | D:4      | Reached skill level 7 in Maces & Flails
  4185 | D:4      | Reached XP level 7. HP: 34/52 MP: 7/7
  4304 | D:4      | Found a staircase to the Ecumenical Temple.
  4411 | D:4      | Reached *** piety under Trog
  4428 | D:4      | Found a hazy altar of Hepliaklqana.
  4930 | D:4      | Found a stormy altar of Qazlal.
  4932 | D:4      | Noticed a fire elemental
  4932 | D:4      | Noticed a water elemental
  4933 | D:4      | Noticed an air elemental
  4954 | D:4      | Noticed Eustachio
  4970 | D:4      | Killed Eustachio
  4971 | D:4      | Reached skill level 8 in Maces & Flails
  4971 | D:4      | Gained mutation: You have hoof-like feet. [demonic
                  | ancestry]
  4971 | D:4      | Reached XP level 8. HP: 58/58 MP: 8/8
  5445 | D:5      | Entered Level 5 of the Dungeon
  5609 | D:5      | Noticed NineInchNils's ghost (amateur OpBr)
  5736 | D:5      | Found a transporter.
  5739 | D:5      | Found a transporter.
  5757 | D:5      | Noticed a hornet
  6210 | D:6      | Found a glowing drain.
  6231 | Sewer    | Entered a sewer
  6418 | Sewer    | Reached **** piety under Trog
  6935 | D:6      | Reached skill level 9 in Maces & Flails
  6935 | D:6      | Reached skill level 5 in Shields
  7263 | D:6      | Found a shadowy altar of Dithmenos.
  7490 | D:6      | Gained mutation: You are partially covered in molten
                  | scales. (AC +2) [demonic ancestry]
  7490 | D:6      | Reached XP level 9. HP: 58/63 MP: 9/9
  8030 | D:7      | HP: 2/63 [electric eel/bolt of electricity (10)]
  8031 | D:7      | Killed from afar by an electric eel

Illustrated notes

Levels and vault maps discovered:
D:1:      dpeg_arrival_lava_temple_mockup, layout_loops_cross,
          grunt_decor_junction, minmay_tetromino_i4
D:2:      layout_loops_corners, ebering_ecumenical_altar_abandoned,
          minmay_liquid_box
D:3:      kennysheep_big_flooded_room, layout_basic,
          chequers_serial_rivers_room_b, minmay_misc_feat_pillars
D:4:      layout_loops_corners, nicolae_qazlal_style_of_elements,
          mainiacjoe_overflow_small_starburst, temple_green, uniq_ijyb,
          uniq_grinder, uniq_eustachio
D:5:      layout_basic, gammafunk_ghost_hive
D:6:      layout_basic, mainiacjoe_overflow_cross_hatched, gup_sewer_entry_pipe,
          serial_aquarium, aquarium_bridge_square [aquarium_subvault_window,
          aquarium_subvault_bridge, aquarium_subvault_wall,
          aquarium_subvault_window], aquarium_window_fake, aquarium_window_1,
          aquarium_window_double, aquarium_window_fake, aquarium_view_2b
D:7:      wad_lake_hut, layout_basic, nicolae_vehumet_radiance

Skill      XL: |  1  2  3  4  5  6  7  8 |
---------------+-------------------------+-----
Maces & Flails | 3 4 5 6 7 8 9 |  9.7
Shields        | 1 3 4 5 |  5.6
Fighting       | |  3.0
Armour         | |  1.7
Dodging        | |  1.7

Action                   |  1- 3 |  4- 6 |  7- 9 || total
-------------------------+-------+-------+-------++-------
Melee: Mace              |   136 |    54 |       ||   190
       Kick              |    21 |    30 |    41 ||    92
       Morningstar       |       |    47 |   208 ||   255
Invok: Berserk           |     1 |     3 |     4 ||     8
       Trog's Hand       |       |     1 |       ||     1
  Use: Scroll            |       |     5 |    10 ||    15
       Potion            |       |       |     1 ||     1
 Stab: Sleeping          |       |     1 |     2 ||     3
Armor: Animal skin       |    17 |       |       ||    17
       Ring mail         |    36 |    15 |       ||    51
       Leather armour    |       |    13 |    82 ||    95
Dodge: Dodged            |    96 |    57 |   114 ||   267
Block: Buckler           |       |     9 |    35 ||    44
